 Dungeon Crawl Stone Soup version 0.31-a0-164-g2312942fda (webtiles) character file.

Game seed: 18110921071126823339

280 qw the Shooter (level 6, -1/39 HPs)
             Began as a Gargoyle Hunter on June 13, 2023.
             Slain by a black bear (4 damage)
             ... on level 4 of the Dungeon.
             The game lasted 00:01:09 (2976 turns).

qw the Shooter (Gargoyle Hunter)                    Turns: 2976, Time: 00:01:09

Health: -1/39      AC:  9    Str: 15    XL:     6   Next: 27%
Magic:  6/6        EV: 16    Int:  9    God:
Gold:   20         SH:  0    Dex: 15    Spells: 5/5 levels left

rFire   . . .        Y - +1 shortbow
rCold   . . .        (shield currently unavailable)
rNeg    + . .        i - +0 ring mail
rPois   inf          (no helmet)
rElec   +            j - scarf {repulsion}
rCorr   .            (no gloves)
SInv    .            (no boots)
Will    .....        (no amulet)
Stlth   +            g - +5 ring of evasion
HPRegen 0.26/turn    (no ring)
MPRegen 0.10/turn

%: repel missiles
@: about to teleport
A: sickness immunity, AC +4, negative energy resistance 1, electricity
resistance, torment resistance 1, petrification resistance
a: no special abilities


You were on level 4 of the Dungeon.
You visited 1 branch of the dungeon, and saw 4 of its levels.

You collected 174 gold pieces.
You spent 154 gold pieces at shops.


Innate Abilities, Weirdness & Mutations

You are immune to sickness and miasma.
Your stone body is resilient. (AC +4)
You are immune to poison.
You resist negative energy. (rN+)
You are resistant to electric shocks. (rElec)
You are resistant to unholy torment.
You are immune to petrification.


   Skills:
 - Level 4.5 Fighting
 + Level 6.1 Ranged Weapons
 - Level 1.2 Armour
 - Level 1.5 Dodging
 - Level 1.1 Stealth


You had 5 spell levels left.
You didn't know any spells.
Your spell library was empty.

Inventory:

Hand Weapons
 Y - a +1 shortbow (weapon)
Armour
 b - a +0 cloak
 i - a +0 ring mail (worn)
 j - a scarf of repulsion (worn)
Jewellery
 g - a +5 ring of evasion (left hand)
Scrolls
 a - a scroll of identify
Potions
 c - a potion of mutation
 d - a potion of might
 e - a potion of heal wounds
 h - a potion of attraction {unknown}
 k - a potion of curing {unknown}

Dungeon Overview and Level Annotations

Branches:
Dungeon (4/15)
 Temple: D:4-7

Altars:
Kikubaaqudgha
Makhleb
Vehumet

Shops:
D:3 ?[[[=


Message History

You shoot an arrow. The arrow hits the black bear.
The black bear is moderately wounded.
Enter note: You shoot an arrow.
The arrow hits the black bear!
The black bear is severely wounded.
You shoot an arrow.
The arrow closely misses the black bear.
The black bear barely misses you.
The black bear claws you but does no damage.
The black bear claws you.
You shoot an arrow.
The arrow hits the black bear but does no damage.
The black bear is severely wounded.
The black bear completely misses you.
The black bear claws you but does no damage. x2
The black bear bites you but does no damage.
The black bear claws you but does no damage. x2
You shoot an arrow. The arrow barely misses the black bear.
The black bear barely misses you. The black bear claws you.
The black bear closely misses you.
You shoot an arrow. The arrow barely misses the black bear.
The black bear bites you but does no damage.
The black bear closely misses you. x2
You shoot an arrow. The arrow hits the black bear!
The black bear is almost dead.
The black bear goes berserk!
You shoot an arrow.
The arrow completely misses the black bear.
The black bear bites you. The black bear barely misses you.
The black bear claws you. The black bear bites you! The black bear claws you.
The black bear claws you but does no damage.
You shoot an arrow. The arrow barely misses the black bear.
The black bear bites you! The black bear claws you. x2
The black bear barely misses you.
The black bear claws you but does no damage. x2
2976 ||| READING scroll of teleportation.
As you read the scroll of teleportation, it crumbles to dust.
You feel strangely unstable. The black bear bites you.
You die...

##......##
#........###
#...(......##
##.#.........##
#..#..........
#.##....#...##
##.##....#....#
#..##....#..#.####
#.###.......#..@.#
##.# #.......#..#h...#
..##
#.....#....#.......
..#
#.....##...#......#
..##
#................##
...#
#..........).....#
...#
................##
...##........#########
....#......


You could see a black bear (berserk).

Vanquished Creatures
  A sky beast (D:4)
  Terence (D:3)
  Ijyb (D:3)
  6 adders
  4 worms
  A dart slug (D:1)
  An orc (D:3)
  5 ball pythons
  3 bats
  3 endoplasms (D:3)
  4 giant cockroaches
  9 goblins
  8 hobgoblins
  6 kobolds
  4 quokkas (D:1)
  5 frilled lizards
  10 rats
72 creatures vanquished.

Notes
Turn   | Place    | Note
-------+----------+-------------------------------------------
     0 | D:1      | qw the Gargoyle Hunter began the quest for the Orb.
     0 | D:1      | Reached XP level 1. HP: 12/12 MP: 1/1
     0 | D:1      | 0 ||| qw: Version: 0.2-a-29-gc1b59c4
     0 | D:1      | 0 ||| qw: Game counter: 4548
     0 | D:1      | 0 ||| qw: Always use a shield: true
     0 | D:1      | 0 ||| qw: God list: Okawaru
     0 | D:1      | 0 ||| qw: Allow faded altars: false
     0 | D:1      | 0 ||| qw: Do Orc after D:15 true
     0 | D:1      | 0 ||| qw: Do second Lair branch before Depths: true
     0 | D:1      | 0 ||| qw: Lair rune preference: random
     0 | D:1      | 0 ||| qw: Plans: Normal, Zot:1-4, Slime:5, God:TSO, Crypt,
                  | Tomb, Abyss, Pan, Hells, Win
     0 | D:1      | 0 ||| PLANNING D:1-11
   127 | D:1      | Reached XP level 2. HP: 14/17 MP: 2/2
   141 | D:1      | 141 ||| FLEEEEING.
   142 | D:1      | 142 ||| FLEEEEING.
   503 | D:1      | Reached XP level 3. HP: 21/21 MP: 3/3
   613 | D:1      | Reached skill level 5 in Ranged Weapons
   701 | D:1      | 701 ||| UPGRADING to +0 ring mail.
   711 | D:1      | 711 ||| DROPPING +0 leather armour.
   712 | D:1      | 712 ||| UPGRADING to +5 ring of evasion.
   713 | D:1      | 713 ||| READING 2 scrolls labelled KUHOOGU POIZA.
   714 | D:1      | 714 ||| READING scroll labelled DAHAPY QEG.
   730 | D:1      | 730 ||| READING scroll labelled GAWKYSCHEIF.
   733 | D:1      | 733 ||| READING scroll labelled HORUBLORIME.
   734 | D:1      | 734 ||| DROPPING scroll of butterflies.
   838 | D:2      | Reached skill level 1 in Armour
   998 | D:2      | Reached XP level 4. HP: 27/27 MP: 4/4
  1084 | D:2      | Reached skill level 3 in Fighting
  1692 | D:2      | 1692 ||| UPGRADING to scarf of repulsion.
  1697 | D:2      | 1697 ||| DROPPING ring of magical power.
  1698 | D:2      | 1698 ||| READING scroll labelled NUC XESOTIXIA.
  1699 | D:2      | 1699 ||| READING scroll labelled SEPSUT PIAGUPH.
  1700 | D:2      | 1700 ||| READING scroll labelled EGONONWEES.
  1722 | D:3      | Found Cemeviet's Jewellery Shoppe.
  1723 | D:3      | 1723 ||| PLANNING SEWER
  1727 | D:3      | 1727 ||| SHOPLISTING +6 ring of dexterity (360 gold, have
                  | 70).
  1727 | D:3      | 1727 ||| SHOPLISTING +6 ring of strength (360 gold, have
                  | 70).
  1727 | D:3      | 1727 ||| SHOPLISTING amulet of the acrobat (300 gold, have
                  | 70).
  1727 | D:3      | 1727 ||| SHOPLISTING ring of positive energy (200 gold,
                  | have 70).
  1727 | D:3      | 1727 ||| SHOPLISTING ring of the Well-Known Demons {Slay+2
                  | SInv} (304 gold, have 70).
  1761 | D:3      | Found Pergh's Armour Shop.
  1770 | D:3      | 1770 ||| SHOPLISTING +1 ring mail of positive energy (156
                  | gold, have 70).
  1770 | D:3      | 1770 ||| SHOPLISTING +2 robe of fire resistance (212 gold,
                  | have 70).
  1831 | D:3      | Found Eguytac's Armour Shoppe.
  1838 | D:3      | 1838 ||| BUYING +0 cloak (49 gold).
  1838 | D:3      | Bought a +0 cloak for 49 gold pieces
  1984 | D:3      | Found an ancient bone altar of Kikubaaqudgha.
  2026 | D:3      | Noticed Ijyb
  2037 | D:3      | Killed Ijyb
  2038 | D:3      | Reached XP level 5. HP: 28/32 MP: 5/5
  2096 | D:3      | Found a radiant altar of Vehumet.
  2136 | D:3      | Found Jinatzyt's Antique Armour Shop.
  2141 | D:3      | 2141 ||| SHOPLISTING glowing scarf (160 gold, have 89).
  2143 | D:3      | Noticed Terence
  2155 | D:3      | HP: 7/32 [Terence/+2 heavy flail (2)]
  2156 | D:3      | Killed Terence
  2157 | D:3      | Reached skill level 6 in Ranged Weapons
  2406 | D:3      | Found a burning altar of Makhleb.
  2406 | D:3      | Noticed an Executioner
  2409 | D:3      | Noticed a ynoxinul
  2409 | D:3      | Noticed a ynoxinul
  2409 | D:3      | 2409 ||| RIP SEWER
  2421 | D:3      | Found Kemaebawk's Magic Scroll Shop.
  2471 | D:3      | 2471 ||| PLANNING D:1-11
  2712 | D:3      | 2712 ||| DRINKING 2 bubbling silvery potions.
  2713 | D:3      | 2713 ||| DRINKING 2 lumpy yellow potions.
  2714 | D:3      | 2714 ||| READING 2 scrolls of identify.
  2714 | D:3      | 2714 ||| IDENTIFYING smoky puce potion
  2760 | D:3      | 2760 ||| BUYING scroll of enchant weapon (105 gold).
  2760 | D:3      | Bought a scroll of enchant weapon for 105 gold pieces
  2760 | D:3      | 2760 ||| SHOPLISTING scroll of enchant weapon (105 gold,
                  | have 7).
  2760 | D:3      | 2760 ||| SHOPLISTING scroll of identify (28 gold, have 7).
  2760 | D:3      | 2760 ||| SHOPLISTING scroll of teleportation (42 gold, have
                  | 7).
  2760 | D:3      | 2760 ||| READING scroll of enchant weapon.
  2760 | D:3      | 2760 ||| ENCHANTING +0 shortbow.
  2868 | D:4      | Noticed a sky beast
  2884 | D:4      | Killed a sky beast
  2885 | D:4      | Reached XP level 6. HP: 39/39 MP: 6/6
  2964 | D:4      | Noticed a black bear
  2975 | D:4      | HP: 6/39 [black bear (6)]
  2976 | D:4      | 2976 ||| READING scroll of teleportation.
  2976 | D:4      | Slain by a black bear

Levels and vault maps discovered:
D:1:      shiori_arrival_maze, layout_basic
D:2:      layout_loops_corners, kennysheep_generic_room_5
D:3:      layout_loops_corners, mainiacjoe_overflow_cross_hatched,
          makhleb_altar_promises_db, mainiacjoe_overflow_tiny_flanked,
          serial_shops, shop, shop, shop, nicolae_shop_waterfront,
          nicolae_shop_just_a_little_nook, cheibrodos_sewer_entry_bend,
          uniq_terence, uniq_ijyb
D:4:      layout_cave_pods, trog_wizard, marbit_many_paths, serial_shops, shop,
          nicolae_stop_n_shop_1, nicolae_shop_real_fake_doors,
          nicolae_shop_waterfront, minmay_misc_feat_columns, uniq_menkaure

Skill      XL: |  1  2  3  4  5 |
---------------+----------------+-----
Ranged Weapons | 5 6 |  6.1
Armour         | 1 |  1.2
Fighting       | 3 4 |  4.5
Dodging        | |  1.5
Stealth        | |  1.1

Action                     |  1- 3 |  4- 6 || total
---------------------------+-------+-------++-------
   Fire: Shortbow          |   120 |   163 ||   283
    Use: Scroll            |     4 |     6 ||    10
         Potion            |       |     2 ||     2
 Armour: Leather armour    |    25 |       ||    25
         Ring mail         |    11 |    31 ||    42
  Dodge: Dodged            |    43 |    48 ||    91

Table legend:
 A = Non-vault XP
 B = Vault XP
 C = Vault XP percentage of total XP
 D = Non-vault monster count
 E = Vault monster count
 F = Vault count percentage of total count
                 A         B        C        D         E       F
            +---------+---------+-------+---------+---------+-------
      Total |     316 |      85 |  21.2 |      65 |       7 |   9.7
            +---------+---------+-------+---------+---------+-------
        D:1 |      40 |       4 |   9.1 |      23 |       2 |   8.0
        D:2 |      80 |       2 |   2.4 |      21 |       2 |   8.7
        D:3 |      34 |      79 |  69.9 |      13 |       3 |  18.8
        D:4 |     162 |       0 |   0.0 |       8 |       0 |   0.0
            +---------+---------+-------+---------+---------+-------
